 Dungeon Crawl Stone Soup version 0.28-a0-479-g5baa6b73be (webtiles) character file.

Game seed: 10220105228252563850

4694 spiderkeys the Covert (level 10, -3/62 (71) HPs)
             Began as an Octopode Abyssal Knight on Sept 18, 2021.
             Was an Elder of Lugonu.
             Slain by a wight (13 damage)
             ... on level 8 of the Dungeon.
             The game lasted 00:14:54 (10414 turns).

spiderkeys the Covert (Octopode Abyssal Knight)    Turns: 10414, Time: 00:14:55

HP:   -3/62 (71)    AC:  1    Str: 33    XL:     10   Next: 44%
MP:   13/13         EV: 15    Int: 17    God:    Lugonu [****..]
Gold: 567           SH:  4    Dex: 11    Spells: 9/9 levels left

rFire   . . .      SeeInvis +     - Unarmed
rCold   + . .      Faith    .   q - +0 buckler
rNeg    . . .      Spirit   .   (helmet restricted)
rPois   .          Reflect  .   (no amulet)
rElec   .          Harm     .   S - +6 ring of strength
rCorr   .          Rampage  .   C - ring of protection from cold
Will    .....                   s - +6 ring of strength
Stlth   +++++.....              j - +6 ring of strength
HPRegen 0.20/turn               v - ring of see invisible
MPRegen 0.13/turn               (no ring)
                                (no ring)
                                (no ring)

@: heavily drained
A: almost no armour, amphibious, 8 rings, camouflage 1, gelatinous body 1,
(nimble swimmer 1), tentacles, clever 1, low mp 1
a: Renounce Religion, Depart the Abyss, Bend Space, Banish, Corrupt


You were on level 8 of the Dungeon.
You worshipped Lugonu.
Lugonu was greatly pleased with you.
You visited 1 branch of the dungeon, and saw 8 of its levels.
You visited the Abyss 1 time.
You also visited: Ossuary.

You collected 777 gold pieces.
You spent 210 gold pieces at shops.


Innate Abilities, Weirdness & Mutations

You cannot wear most types of armour.
You are amphibious.
You can wear up to eight rings at the same time.
Your skin changes colour to match your surroundings (Stealth+).
Your rubbery body absorbs attacks. (AC +1, EV +1)
((You are camouflaged near water. (Stealth+)))
You have tentacles for arms and can constrict up to eight enemies at once.
Your mind is acute. (Int +2)
Your magical capacity is low. (-10% MP)


   Skills:
 + Level 7.2 Fighting
 + Level 6.9 Dodging
 + Level 8.8 Stealth
 - Level 4.0 Shields
 + Level 6.8 Unarmed Combat
 + Level 7.2 Invocations


You had 9 spell levels left.
You didn't know any spells.
Your spell library contained the following spells:

 Spells                   Type           Power      Damage    Failure   Level
 Summon Small Mammal      Summ           0%         N/A       24%         1
 Call Canine Familiar     Summ           0%         N/A       56%         3
 Gell's Gravitas          Tloc           0%         N/A       56%         3
 Lesser Beckoning         Tloc           0%         N/A       56%         3
 Summon Guardian Golem    Hex/Summ       0%         N/A       56%         3
 Teleport Other           Tloc           0%         N/A       56%         3

Inventory:

Missiles
 b - 198 stones
 d - 28 bolts
 e - 20 sling bullets
 f - 140 arrows
 h - a throwing net {=f!f}
 l - 3 javelins
 m - 3 silver boomerangs
 o - 15 poisoned darts
Armour
 q - a +0 buckler (worn)
   (You found it on level 4 of the Dungeon)
Magical Staves
 p - a staff of conjuration {!a}
   (You found it on level 4 of the Dungeon)
Jewellery
 j - a +6 ring of strength (on tentacle)
   (You found it on level 3 of the Dungeon)
 s - a +6 ring of strength (on tentacle)
   (You found it on level 1 of the Dungeon)
 v - a ring of see invisible (on tentacle)
   (You bought it in a shop on level 6 of the Dungeon)
 C - a ring of protection from cold (right tentacle)
   (You found it on level 4 of the Abyss)
 S - a +6 ring of strength (left tentacle)
   (You found it on level 2 of the Abyss)
Wands
 c - a wand of paralysis (1)
   (You found it on level 5 of the Dungeon)
 n - a wand of iceblast (6)
   (You took it off Pikel on level 4 of the Dungeon)
Scrolls
 g - 2 scrolls of vulnerability {!r!r}
 i - a scroll of holy word
 k - 2 scrolls of teleportation {@r4}
 r - a scroll of fear
 t - a scroll of noise {unknown}
 u - a scroll of fog
 x - a scroll of immolation {!r!r}
 y - a scroll of amnesia
 B - a scroll of magic mapping {!r}
Potions
 a - a potion of lignification {!q}
 w - 2 potions of heal wounds {@q2}
 z - a potion of flight

Dungeon Overview and Level Annotations

Branches:
Dungeon (8/15)             Temple (0/1) D:5         Ossuary (visited)
   Lair: D:8-11

Altars:
Nemelex Xobeh
Qazlal
Ru
Yredelemnul

Shops:
D:6 =

Annotations:
D:5 3 runed translucent doors, CraigForest's ghost, novice MiGl; Dittersdorf's ghost, novice GrFi; Sargento's ghost, novice MiBe; kairosrom117's ghost, amateur KoCj

...... ....... ##.....
.....# ......
.......##....##....# .
..........$........#..
........D#............
........)#..##........
>.....................
...........##.........
#...@zz..[.........
#.......##..[......
#......##..........
##.............$#..
###.####.#.....# # ###
###.....# ##...## ..##


You could see an acid dragon and 2 wights.


Message History

You tentacle-slap the wight but do no damage.
You grab the wight. You squeeze the wight!
You constrict the wight, but do no damage.
You block the wight's attack.
You release your grip on the wight.
You closely miss the wight. You grab the wight. You constrict the wight.
The wight hits you with a +0 long sword!
You feel drained. 😕 HP[-18]
You now have 67 max hp (-3).
You take 18 damage, and now have 52/67 hp.
MASSIVE DAMAGE!! (PAUSE)
You bludgeon the wight!
You destroy the wight!
Lugonu accepts your kill.
You now have 68 max hp (+1).
You tentacle-slap the wight but do no damage.
You grab the wight. You constrict the wight. You block the wight's attack.
You tentacle-slap the wight. You squeeze the wight. You constrict the wight.
You destroy the wight!
Lugonu accepts your kill.
You bludgeon the wight! You grab the wight.
You constrict the wight, but do no damage.
The wight hits you with a +4 dire flail!!
You feel drained.
* * * LOW HITPOINT WARNING * * *
😨 HP[-21]
You now have 65 max hp (-3).
You take 21 damage, and now have 31/65 hp.
MASSIVE DAMAGE!! (PAUSE)
You tentacle-slap the wight.
You destroy the wight!
Lugonu accepts your kill.
An acid dragon comes into view. 😨 HP[+1] 😮 HP[+1]
There is a stone staircase leading up here.
You climb upwards.
There is a stone staircase leading down here.
You start resting. 😎 HP[+32]
Your hp is fully restored (65).
You climb downwards.
There is a stone staircase leading up here.
No target in view!
Items here: ))) [[[.
Okay, then.
A bullfrog is nearby!
The bullfrog gives a loud, deep croak!
A wight comes into view. It is wielding a +3 falchion.
The wight moves out of view.
You tentacle-slap the bullfrog. Your grab misses the bullfrog.
You tentacle-slap the bullfrog! Your squeeze misses the bullfrog.
The bullfrog hits you. 😕 HP[-2]
You take 2 damage, and now have 63/65 hp.
You completely miss the bullfrog. Your grab misses the bullfrog.
Your squeeze misses the bullfrog. The bullfrog barely misses you.
You closely miss the bullfrog. Your grab misses the bullfrog.
You block the bullfrog's attack.
The wight hits you from afar with a +5 spear!
The bullfrog hits you. 😕 HP[-13]
You take 13 damage, and now have 50/65 hp.
You closely miss the bullfrog. You grab the bullfrog.
You constrict the bullfrog. The bullfrog hits you.
The wight completely misses you. 😮 HP[-4]
You take 4 damage, and now have 46/65 hp.
You are too injured to fight recklessly!
You are too injured to fight recklessly!
Unknown command.
You release your grip on the bullfrog.
The bullfrog barely misses you.
Items here: ))) [[[. 😮 HP[+1]
The bullfrog hits you! 😮 HP[-7]
You take 7 damage, and now have 40/65 hp.
You miss the bullfrog. You grab the bullfrog. You constrict the bullfrog.
The bullfrog misses you. The wight completely misses you.
You bludgeon the bullfrog!
You kill the bullfrog!
Lugonu accepts your kill.
The wight hits you from afar with a +5 spear!
* * * LOW HITPOINT WARNING * * *
You feel drained.
* * * LOW HITPOINT WARNING * * *
😨 HP[-10]
You now have 64 max hp (-1).
You take 10 damage, and now have 30/64 hp. 😨 HP[+1]
The acid dragon roars!
There is a stone staircase leading up here.
The wight hits you with a +3 falchion!
* * * LOW HITPOINT WARNING * * *
You feel drained.
* * * LOW HITPOINT WARNING * * *
The wight hits you from afar with a +5 spear!
You die...

Skill      XL: |  1  2  3  4  5  6  7  8  9 10 |
---------------+-------------------------------+-----
Dodging        | 3 4 5 6 |  6.9
Stealth        | 2 3 4 5 6 8 |  8.8
Unarmed Combat | 3 4 5 6 |  6.8
Invocations    | 3 4 5 6 7 |  7.2
Fighting       | 4 5 6 7 |  7.2
Shields        | 2 4 |  4.0

Action                   |  1- 3 |  4- 6 |  7- 9 | 10-12 || total
-------------------------+-------+-------+-------+-------++-------
Melee: Unarmed           |    52 |    72 |   185 |    66 ||   375
       Constrict         |    19 |    20 |    50 |    22 ||   111
       Tentacles         |    14 |    17 |    73 |    23 ||   127
       Punch             |     3 |     2 |     7 |    10 ||    22
Throw: Dart              |       |       |     9 |       ||     9
Invok: Depart the Abyss  |     1 |       |       |       ||     1
       Bend Space        |       |       |     2 |       ||     2
       Banish            |       |       |     1 |       ||     1
Evoke: Wand              |       |       |     8 |     2 ||    10
  Use: Scroll            |     2 |       |     5 |     2 ||     9
       Potion            |     1 |       |     7 |     4 ||    12
 Stab: Sleeping          |     7 |     9 |     8 |     4 ||    28
       Paralysed         |       |       |     5 |     2 ||     7
Armor: Skin              |       |     1 |     5 |     1 ||     7
Dodge: Dodged            |    24 |    26 |    76 |    17 ||   143
Block: Buckler           |       |       |    18 |    11 ||    29

Levels and vault maps discovered:
D:1:      scummos_arrival_star, layout_basic, ebering_ecumenical_altar_ruins
D:2:      layout_loops_ring, uniq_sigmund
D:3:      layout_rooms
D:4:      minmay_skewed_foursquare, layout_loops_ring, chequers_jeans,
          uniq_grinder, uniq_pikel
D:5:      layout_gridville, minmay_temple_entry_overgrown,
          gammafunk_ghost_cemetery, lightli_ossuary_entry_decrepit_ruins,
          minmay_a_box_with_orc_wizards_in_it, uniq_duvessa
D:6:      layout_loops_ring, grunt_temple_overflow_cloverleaf, serial_shops,
          shop, minmay_fire_ice_demons, uniq_edmund, uniq_blork_the_orc
D:7:      layout_rooms
D:8:      layout_cave_pools

Notes
Turn   | Place    | Note
-------+----------+-------------------------------------------
     0 | Abyss:1  | spiderkeys the Octopode Abyssal Knight began the quest for
                  | the Orb.
     0 | Abyss:1  | Reached XP level 1. HP: 16/16 MP: 2/2
     0 | Abyss:1  | magus.rc [v1.9.10]
   124 | Abyss:3  | Noticed a yak
   182 | Abyss:4  | Noticed a large abomination
   182 | Abyss:4  | Noticed a tentacled starspawn
   183 | Abyss:4  | Noticed a smoke demon
   197 | D:1      | You pass through the gate.
   197 | D:1      | Escaped the Abyss
   501 | D:1      | Reached * piety under Lugonu
   502 | D:1      | Reached XP level 2. HP: 10/21 MP: 3/3
   505 | D:1      | HP: 5/21 [poisoned by a goblin]
   508 | D:1      | HP: 2/21 [poisoned by a goblin]
  1220 | D:1      | Found a faded altar of an unknown god.
  1548 | D:2      | Reached XP level 3. HP: 26/26 MP: 4/4
  1837 | D:2      | Noticed Sigmund
  1842 | D:2      | Killed Sigmund
  1843 | D:2      | Reached skill level 3 in Dodging
  1843 | D:2      | Reached skill level 2 in Stealth
  1843 | D:2      | Reached skill level 3 in Unarmed Combat
  1843 | D:2      | Reached skill level 3 in Invocations
  1843 | D:2      | Reached XP level 4. HP: 16/33 MP: 4/6
  1843 | D:2      | Reached XP level 5. HP: 18/37 MP: 4/7
  2372 | D:3      | Reached ** piety under Lugonu
  2407 | D:3      | Reached skill level 4 in Fighting
  2407 | D:3      | Reached skill level 3 in Stealth
  2407 | D:3      | Reached XP level 6. HP: 33/43 MP: 8/8
  2895 | D:3      | HP: 8/43 [something/magic dart (4)]
  3591 | D:4      | Noticed Pikel
  4329 | D:4      | Killed Pikel
  4330 | D:4      | Reached skill level 4 in Dodging
  4330 | D:4      | Reached skill level 4 in Stealth
  4330 | D:4      | Reached skill level 4 in Unarmed Combat
  4330 | D:4      | Reached skill level 4 in Invocations
  4330 | D:4      | Reached XP level 7. HP: 39/49 MP: 8/10
  4540 | D:4      | Noticed Grinder
  4549 | D:4      | Killed Grinder
  4550 | D:4      | Reached skill level 5 in Fighting
  4550 | D:4      | Reached skill level 5 in Stealth
  4550 | D:4      | Reached XP level 8. HP: 52/55 MP: 11/11
  4793 | D:4      | Reached skill level 5 in Invocations
  5285 | D:4      | Gained mutation: Your mind is acute. (Int +2) [potion of
                  | mutation]
  5285 | D:4      | Gained mutation: Your magical capacity is low. (-10% MP)
                  | [potion of mutation]
  5310 | D:5      | Entered Level 5 of the Dungeon
  5320 | D:5      | Noticed Dowan
  5323 | D:5      | Noticed Duvessa
  5329 | D:5      | You pick up a book of Callings and begin reading...
  5329 | D:5      | You add the spells Summon Small Mammal, Call Canine
                  | Familiar and Summon Guardian Golem to your library.
  5504 | D:5      | Found a staircase to the Ecumenical Temple.
  5634 | D:5      | HP: 12/55 [sky beast (6)]
  5637 | D:5      | HP: 2/55 [sky beast (6)]
  5642 | D:5      | Reached skill level 1 in Shields
  5649 | D:5      | HP: 10/55 [adder (2)]
  5651 | D:5      | Reached *** piety under Lugonu
  5652 | D:5      | Reached skill level 5 in Dodging
  5653 | D:5      | Found a sand-covered staircase.
  5657 | Ossuary  | Entered an ossuary
  5926 | Ossuary  | Reached skill level 6 in Stealth
  6298 | D:4      | Reached skill level 5 in Unarmed Combat
  6566 | D:5      | Killed Duvessa
  6567 | D:5      | Reached skill level 2 in Shields
  6571 | D:5      | Killed Dowan
  6572 | D:5      | Reached XP level 9. HP: 49/62 MP: 11/11
  6961 | D:5      | Reached **** piety under Lugonu
  7073 | D:5      | You pick up a book of Displacement and begin reading...
  7073 | D:5      | You add the spells Lesser Beckoning, Gell's Gravitas and
                  | Teleport Other to your library.
  7129 | D:5      | Found a runed translucent gate.
  7130 | D:5      | Found a runed translucent gate.
  7130 | D:5      | Found a runed translucent gate.
  7131 | D:5      | Noticed Sargento's ghost (novice MiBe)
  7132 | D:5      | Noticed Dittersdorf's ghost (novice GrFi)
  7132 | D:5      | Noticed kairosrom117's ghost (amateur KoCj)
  7132 | D:5      | Noticed CraigForest's ghost (novice MiGl)
  7213 | D:5      | Reached skill level 6 in Fighting
  7437 | D:5      | You fall into a shaft and drop 3 floors!
  7463 | D:7      | Reached skill level 7 in Stealth
  7463 | D:7      | Reached skill level 6 in Invocations
  7505 | D:7      | Reached skill level 3 in Shields
  7777 | D:6      | Noticed Blork the orc
  7789 | D:6      | Killed Blork the orc
  7850 | D:6      | Reached skill level 6 in Dodging
  7956 | D:6      | Found Xeax's Jewellery Shop.
  7974 | D:6      | Bought a ring of see invisible for 210 gold pieces
  7994 | D:6      | HP: 11/62 [steam dragon/ball of steam (13)]
  7996 | D:6      | Noticed a two-headed ogre
  8026 | D:6      | Killed a two-headed ogre
  8027 | D:6      | Reached skill level 8 in Stealth
  8027 | D:6      | Reached skill level 4 in Shields
  8027 | D:6      | Reached skill level 6 in Unarmed Combat
  8027 | D:6      | Reached XP level 10. HP: 12/69 MP: 8/13
  8550 | D:6      | Noticed Edmund
  8561 | D:6      | Killed Edmund
  8857 | D:6      | Found a sparkling altar of Nemelex Xobeh.
  8857 | D:6      | Found a stormy altar of Qazlal.
  8995 | D:6      | Found a sacrificial altar of Ru.
  8996 | D:6      | Found a basalt altar of Yredelemnul.
  9762 | D:7      | Noticed a cyclops
  9771 | D:7      | Killed a cyclops
  9772 | D:7      | Reached skill level 7 in Fighting
  9772 | D:7      | Reached skill level 7 in Invocations
 10414 | D:8      | HP: 10/62 [wight (7)]
 10414 | D:8      | Slain by a wight

Vanquished Creatures
  A two-headed ogre (D:6)
  Pikel (D:4)
  A cyclops (D:7)
  Grinder (D:4)
  Sigmund (D:2)
  A steam dragon (D:6)
  Edmund (D:6)
  Duvessa (D:5)
  A sky beast (D:5)
  A black bear (D:7)
  A necrophage (D:7)
  A centaur (D:7)
  4 ogres
  A phantom (D:5)
  A lemure (D:4)
  An elf zombie (Ossuary)
  Blork the orc (D:6)
  3 bullfrogs
  A gnoll sergeant (D:5)
  A water moccasin zombie (D:6)
  A scorpion (D:5)
  Dowan (D:5)
  A wyvern skeleton (D:6)
  3 wights (D:8)
  A crimson imp (D:6)
  2 jellies
  3 hounds (D:5)
  A human zombie (Ossuary)
  A gnoll shaman (D:7)
  A centaur skeleton (D:5)
  3 orc priests
  12 orc wizards
  2 scorpion zombies (D:5)
  2 iguanas
  A hound skeleton (D:5)
  2 mummies (Ossuary)
  11 gnolls
  8 adders
  A shadow imp (D:6)
  A white imp (D:6)
  2 worms
  A dart slug (D:5)
  15 orcs
  3 endoplasms
  3 giant cockroaches
  A gnoll zombie (Ossuary)
  7 goblins
  6 hobgoblins
  3 jackals (D:5)
  8 kobolds
  6 ball pythons
  7 bats
  2 frilled lizards
  2 goblin zombies (Ossuary)
  5 hobgoblin zombies (Ossuary)
  4 orc zombies (Ossuary)
  11 rats
169 creatures vanquished.

Vanquished Creatures (others)
  3 plants (D:5)
  2 withered plants (D:5)
5 creatures vanquished.

Grand Total: 174 creatures vanquished

Table legend:
 A = Non-vault XP
 B = Vault XP
 C = Vault XP percentage of total XP
 D = Non-vault monster count
 E = Vault monster count
 F = Vault count percentage of total count
                 A         B        C        D         E       F
            +---------+---------+-------+---------+---------+-------
      Total |    4555 |    2152 |  32.1 |     127 |      41 |  24.4
            +---------+---------+-------+---------+---------+-------
        D:1 |      26 |       0 |   0.0 |      18 |       0 |   0.0
        D:2 |      54 |     223 |  80.5 |      19 |       1 |   5.0
        D:3 |     149 |       0 |   0.0 |      17 |       0 |   0.0
        D:4 |      91 |     975 |  91.5 |      12 |      11 |  47.8
        D:5 |     959 |     439 |  31.4 |      28 |       9 |  24.3
        D:6 |    1689 |     324 |  16.1 |      10 |       4 |  28.6
        D:7 |    1228 |       0 |   0.0 |      18 |       0 |   0.0
        D:8 |     359 |       0 |   0.0 |       5 |       0 |   0.0
    Ossuary |       0 |     191 | 100.0 |       0 |      16 | 100.0
            +---------+---------+-------+---------+---------+-------

Illustrated notes

Table legend:
 A = Kills in this place as a percentage of kills in entire the game.
 B = Kills by you in this place as a percentage of kills by you in the entire game.
 C = Kills by friends in this place as a percentage of kills by friends in the entire game.
 D = Other kills in this place as a percentage of other kills in the entire game.
 E = Experience gained in this place as a percentage of experience gained in the entire game.
 F = Experience gained in this place divided by the number of levels of this place that you have seen.
                   A       B       C       D       E      F
               +-------+-------+-------+-------+-------+----------------------
         Total | 100.0 | 100.0 |   N/A |   N/A | 100.0 | 515.9
       Dungeon |  90.5 |  90.5 |   N/A |   N/A |  97.2 | 814.5
       Ossuary |   9.5 |   9.5 |   N/A |   N/A |   2.8 | 191.0
               +-------+-------+-------+-------+-------+----------------------

Table legend: (Time is in decaauts)
 A = Elapsed time spent in this place.
 B = Non-inter-level travel time spent in this place.
 C = Inter-level travel time spent in this place.
 D = Time resting spent in this place.
 E = Time spent auto-exploring this place.
 F = Levels seen in this place.
 G = Mean time per level.
                   A        B        C        D        E       F      G
               +--------+--------+--------+--------+--------+-----+--------+
         Total |  10393 |  10134 |    259 |   2049 |   6524 |  13 |  799.5 |
       Dungeon |   9647 |   9388 |    259 |   1623 |   6434 |   8 | 1205.9 |
         Abyss |    195 |    195 |      0 |      0 |     34 |   4 |   48.8 |
       Ossuary |    550 |    550 |      0 |    426 |     56 |   1 |  550.0 |
               +--------+--------+--------+--------+--------+-----+--------+

Top non-repeatable levels by time:
     D:4: 1837 daAuts
     D:5: 1716 daAuts
     D:6: 1538 daAuts
     D:3: 1426 daAuts
     D:1: 1194 daAuts
     D:2: 974 daAuts
     D:7: 885 daAuts
 Ossuary: 550 daAuts
     D:8: 74 daAuts
 Abyss:4: 63 daAuts
 Abyss:3: 52 daAuts
 Abyss:1: 43 daAuts
 Abyss:2: 36 daAuts
